 Dungeon Crawl Stone Soup version 0.31-a0-486-g8d68a81214 (webtiles) character file.

Game seed: 5365105817146838760

210 ytrimaz the Changeling (level 5, 0/33 HPs)
             Began as an Octopode Shapeshifter on Aug 7, 2023.
             Succumbed to an adder's poison
             ... on level 3 of the Dungeon.
             The game lasted 00:02:25 (2054 turns).

ytrimaz the Changeling (Octopode Shapeshifter)      Turns: 2054, Time: 00:02:25

Health: 0/33       AC:  5    Str: 17    XL:     5   Next: 88%
Magic:  5/5        EV: 13    Int: 10    God:
Gold:   112        SH:  0    Dex: 12    Spells: 4/4 levels left

rFire   . .          .
                       - Unarmed
rCold   . . .        (no shield)
rNeg    . . .        (helmet currently unavailable)
rPois   .            (no amulet)
rElec   .            i - +4 ring of protection
rCorr   .            k - ring of flight
SInv    .            (no ring)
Will    .....        (no ring)
Stlth   ++++         (no ring)
HPRegen 0.25/turn    (no ring)
MPRegen 0.09/turn    (no ring)
                     (no ring)

%: no passive effects
@: lethally poisoned (0 -> -1), beast-form, flying
A: beast (slay +3), almost no armour, amphibious, 8 rings, camouflage 1,
gelatinous body 1, (nimble swimmer 1), tentacles
a: Begin Untransformation


You were on level 3 of the Dungeon.
You were a hulking beast.
You visited 1 branch of the dungeon, and saw 3 of its levels.

You collected 112 gold pieces.


Innate Abilities, Weirdness & Mutations

You are a hulking beast.
Your limbs bulge with bestial killing power. (Slay +3)
You cannot wear most types of armour.
You are amphibious.
You can wear up to eight rings at the same time.
Your skin changes colour to match your surroundings (Stealth+).
Your rubbery body absorbs attacks. (AC +1, EV +1)
((You are camouflaged when in or above water. (Stealth+)))
You have tentacles for arms and can constrict up to eight enemies at once.


   Skills:
 - Level 1.0 Fighting
 - Level 2.0 Dodging
 + Level 4.3 Stealth
 - Level 3.0 Unarmed Combat
 * Level 4.8 Shapeshifting


You had 4 spell levels left.
You didn't know any spells.
Your spell library was empty.

Inventory:

Jewellery
 i - a +4 ring of protection (left tentacle)
   (You found it on level 2 of the Dungeon)
 k - a ring of flight (right tentacle)
   (You found it on level 2 of the Dungeon)
Talismans
 b - a beast talisman (active)
Scrolls
 e - a scroll of vulnerability

Dungeon Overview and Level Annotations

Branches:
Dungeon (3/15) Zot: 15952

Altars:
Makhleb
Xom

Annotations:
D:3 Grinder

######### ###########
#.......# #.........#
#.......# #.#######.#
#.......####.##### #.#
#.......†.h......###.##
##.......####.###......#
##..5.....###...######.†#
#.........##.....#####..#
#......######...........#
#.....# ##.########.#
##...# #.# #)# !.... #.#
#.# ###. ##'## #.#


There were no monsters in sight!


Message History

The bat misses you.
You tentacle-slap the bat.
You kill the bat!
You see here a bat corpse.
You see here a bat corpse.
An adder comes into view.
Grinder shouts!
Grinder blinks!
It was a potion of ambrosia.
You are confused.
You feel invigorated.
The adder hisses angrily.
Grinder gestures at you. Pain shoots through your body! 😕 HP[-8]
You take 8 damage, and now have 25/33 hp.
MASSIVE DAMAGE!! (PAUSE) Unknown command.
Unknown command.
It was a potion of attraction.
You feel attractive to monsters. The adder closely misses you. 😕 HP[+5]
You regained 5 hp, and now have 30/33 hp.
Unknown command.
Unknown command.
You're too confused to move!
You feel less invigorated.
You feel less confused. The adder bites you. Grinder hits you! 😮 HP[-7]
You take 7 damage, and now have 23/33 hp.
MASSIVE DAMAGE!! (PAUSE) Unknown command.
It was a potion of cancellation.
Your magical effects are unravelling.
You feel magically purged. The adder bites you but does no damage.
Grinder barely misses you.
You feel less attractive to monsters.
Unknown command.
It was a potion of curing.
You feel better. The adder misses you. x2
Grinder gestures at you. Pain shoots through your body!
* * * LOW HITPOINT WARNING * * *
😨 HP[-7]
You take 7 damage, and now have 16/33 hp.
MASSIVE DAMAGE!! (PAUSE)
Okay, then.
Unknown command.
The adder attacks as you move away! The adder closely misses you.
Grinder gestures at you.
You suddenly lose the ability to move!
The adder bites you.
* * * LOW HITPOINT WARNING * * *
The adder bites you.
* * * LOW HITPOINT WARNING * * *
Grinder gestures at you.
You barely resist. The adder bites you but does no damage.
You can move again. 😨 HP[-4]
You take 4 damage, and now have 12/33 hp.
Unknown command.
Grinder attacks as you move away! Grinder hits you.
* * * LOW HITPOINT WARNING * * *
You writhe in agony.
* * * LOW HITPOINT WARNING * * *
Grinder blinks!
You see here a bat corpse. 😱 HP[-4]
You take 4 damage, and now have 8/33 hp. 😨 HP[+1] Unknown command.
The adder bites you.
* * * LOW HITPOINT WARNING * * *
You are poisoned.
The adder poisons you! 😱 HP[-1]
You take 1 damage, and now have 8/33 hp.
You tentacle-slap the adder but do no damage.
You grab the adder. You constrict the adder.
You feel sick.
The adder bites you but does no damage. 😱 HP[-2]
You take 2 damage, and now have 6/33 hp.
You tentacle-slap the adder. You constrict the adder.
You feel sick. The adder bites you.
* * * LOW HITPOINT WARNING * * *
Grinder blinks! 😱 HP[-4]
You take 4 damage, and now have 2/33 hp.
Unknown command.
You bludgeon the adder!
You kill the adder!
* * * LOW HITPOINT WARNING * * *
You feel sick.
Unknown command.
* * * LOW HITPOINT WARNING * * *
You feel sick. 😱 HP[-1]
You take 1 damage, and now have 1/33 hp.
Unknown command.
You die...

Skill      XL: |  1  2  3  4  5 |
---------------+----------------+-----
Stealth        | 1 2 3 4 |  4.3
Shapeshifting  | 4 |  4.8
Fighting       | |  1.0
Dodging        | |  2.0
Unarmed Combat | |  3.0

Action                     |  1- 3 |  4- 6 || total
---------------------------+-------+-------++-------
  Melee: Unarmed           |    66 |    44 ||   110
         Constrict         |    17 |    16 ||    33
         Tentacles         |    10 |    12 ||    22
         Punch             |     2 |     2 ||     4
    Use: Scroll            |       |     4 ||     4
         Potion            |       |     5 ||     5
   Stab: Sleeping          |     7 |     3 ||    10
 Armour: Skin              |    10 |    11 ||    21
  Dodge: Dodged            |    36 |    25 ||    61

Levels and vault maps discovered:
D:1:      dpeg_arrival_shelter, layout_loops_ring,
          hellmonk_ecumenical_altar_lost_god, amcnicky_mini_corridor_feature,
          minmay_cupped
D:2:      layout_basic, serial_undead, serial_undead_a, serial_undead_a,
          serial_undead_a, serial_undead_f, serial_undead_f, serial_undead_a,
          serial_undead_e, serial_undead_a, minmay_strange_pillars, minivault_25
D:3:      layout_loops_corners, grunt_temple_overflow_champion_of_chaos,
          uniq_crazy_yiuf_cottage, uniq_grinder, uniq_jessica

Notes
Turn   | Place    | Note
-------+----------+-------------------------------------------
     0 | D:1      | ytrimaz the Octopode Shapeshifter began the quest for the
                  | Orb.
     0 | D:1      | Reached XP level 1. HP: 13/13 MP: 1/1
     0 | D:1      | magus.rc [v1.9.6]
    36 | D:1      | Found a faded altar of an unknown god.
    62 | D:1      | Reached skill level 1 in Stealth
    62 | D:1      | Reached XP level 2. HP: 10/18 MP: 2/2
   577 | D:2      | Reached skill level 2 in Stealth
   577 | D:2      | Reached XP level 3. HP: 23/23 MP: 3/3
   795 | D:2      | Reached XP level 4. HP: 27/28 MP: 4/4
  1633 | D:3      | Reached skill level 4 in Shapeshifting
  1670 | D:3      | Reached skill level 3 in Stealth
  1692 | D:3      | Identified the +6 flail of Ash {flame, Str+3 SInv}
  1796 | D:3      | Reached XP level 5. HP: 33/33 MP: 5/5
  1801 | D:3      | Reached skill level 4 in Stealth
  1824 | D:3      | Found a shimmering altar of Xom.
  1825 | D:3      | Found a burning altar of Makhleb.
  2019 | D:3      | Noticed Grinder
  2043 | D:3      | Paralysed by Grinder for 3 turns
  2047 | D:3      | HP: 8/33 [Grinder (3)]
  2051 | D:3      | HP: 2/33 [adder (3)]
  2054 | D:3      | Succumbed to an adder's poison

Vanquished Creatures
  A crimson imp (D:3)
  An orc priest (D:3)
  An orc wizard (D:3)
  A hound skeleton (D:2)
  2 adders (D:3)
  3 gnolls (D:3)
  An adder zombie (D:2)
  2 worms
  A dart slug (D:1)
  An orc (D:3)
  2 bat skeletons (D:2)
  5 endoplasms
  A giant cockroach (D:1)
  5 goblins
  3 hobgoblins
  3 ball pythons
  2 ball python zombies (D:2)
  9 bats
  7 frilled lizards
  A jackal skeleton (D:2)
  A jackal zombie (D:2)
  3 kobolds
  2 quokka skeletons (D:2)
  A rat (D:1)
59 creatures vanquished.

Table legend:
 A = Non-vault XP
 B = Vault XP
 C = Vault XP percentage of total XP
 D = Non-vault monster count
 E = Vault monster count
 F = Vault count percentage of total count
                 A         B        C        D         E       F
            +---------+---------+-------+---------+---------+-------
      Total |     212 |      89 |  29.6 |      45 |      14 |  23.7
            +---------+---------+-------+---------+---------+-------
        D:1 |      27 |       5 |  15.6 |      17 |       3 |  15.0
        D:2 |      22 |      36 |  62.1 |      13 |      10 |  43.5
        D:3 |     163 |      48 |  22.7 |      15 |       1 |   6.2
            +---------+---------+-------+---------+---------+-------

Skill      XL: |  1  2  3  4  5 |
---------------+----------------+-----
Stealth        | 1 2 3 4 |  4.3
Shapeshifting  | 4 |  4.8
Fighting       | |  1.0
Dodging        | |  2.0
Unarmed Combat | |  3.0

Action                     |  1- 3 |  4- 6 || total
---------------------------+-------+-------++-------
  Melee: Unarmed           |    66 |    44 ||   110
         Constrict         |    17 |    16 ||    33
         Tentacles         |    10 |    12 ||    22
         Punch             |     2 |     2 ||     4
    Use: Scroll            |       |     4 ||     4
         Potion            |       |     5 ||     5
   Stab: Sleeping          |     7 |     3 ||    10
 Armour: Skin              |    10 |    11 ||    21
  Dodge: Dodged            |    36 |    25 ||    61

Illustrated notes

Table legend:
 A = Kills in this place as a percentage of kills in the entire game.
 B = Kills by you in this place as a percentage of kills by you in the entire game.
 C = Kills by friends in this place as a percentage of kills by friends in the entire game.
 D = Other kills in this place as a percentage of other kills in the entire game.
 E = Experience gained in this place as a percentage of experience gained in the entire game.
 F = Experience gained in this place divided by the number of levels of this place that you have seen.
                   A       B       C       D       E      F
               +-------+-------+-------+-------+-------+----------------------
         Total | 100.0 | 100.0 |   N/A |   N/A | 100.0 | 100.3
       Dungeon | 100.0 | 100.0 |   N/A |   N/A | 100.0 | 100.3
               +-------+-------+-------+-------+-------+----------------------

Table legend: (Time is in decaauts)
 A = Elapsed time spent in this place.
 B = Non-inter-level travel time spent in this place.
 C = Inter-level travel time spent in this place.
 D = Time resting spent in this place.
 E = Time spent auto-exploring this place.
 F = Levels seen in this place.
 G = Mean time per level.
                   A        B        C        D        E       F      G
               +--------+--------+--------+--------+--------+-----+--------+
         Total |   2047 |   2020 |     27 |    100 |   1525 |   3 |  682.3 |
       Dungeon |   2047 |   2020 |     27 |    100 |   1525 |   3 |  682.3 |
               +--------+--------+--------+--------+--------+-----+--------+

Top non-repeatable levels by time:
     D:2: 1050 daAuts
     D:1: 569 daAuts
     D:3: 426 daAuts
